 Dungeon Crawl Stone Soup version 0.28-b1-1-g3c77fb2ed1 (webtiles) character file.

Game seed: 16280992794326195128

0 zeram the Ducker (level 1, 0/11 HPs)
             Began as a Spriggan Fighter on Jan 28, 2022.
             Frozen to death by an endoplasm (5 damage)
             ... on level 1 of the Dungeon.
             The game lasted 00:00:03 (37 turns).

zeram the Ducker (Spriggan Fighter)                   Turns: 37, Time: 00:00:04

Health: 0/11       AC:  2    Str: 12    XL:     1   Next: 8%
Magic:  2/2        EV: 17    Int:  9    God:
Gold:   0          SH:  6    Dex: 14    Spells: 0/0 levels left

rFire   . . .      SeeInvis +   a - +0 rapier
rCold   . . .      Faith    .   c - +0 buckler
rNeg    . . .      Spirit   .   b - +0 robe
rPois   .          Reflect  .   (helmet restricted)
rElec   .          Harm     .   (no cloak)
rCorr   .          Rampage  .   (gloves unavailable)
Will    .....                   (boots unavailable)
Stlth   +.........              (no amulet)
HPRegen 0.03/turn               (no ring)
MPRegen 0.08/turn               (no ring)

@: very quick
A: very small, no large weapons, unfitting armour, see invisible, speed 3
a: no special abilities


You were on level 1 of the Dungeon.
You visited 1 branch of the dungeon, and saw 1 of its levels.

Inventory:

Hand Weapons
 a - a +0 rapier (weapon)
Armour
 b - a +0 robe (worn)
 c - a +0 buckler (worn)
Potions
 d - a potion of might


   Skills:
 + Level 2.4 Fighting
 + Level 2.2 Short Blades
 + Level 4.0 Dodging
 + Level 2.2 Shields


You couldn't memorise any spells.
You didn't know any spells.
Your spell library was empty.

Dungeon Overview and Level Annotations

Branches:
Dungeon (1/15)

Altars:


Innate Abilities, Weirdness & Mutations

You are very small and have problems with some larger weapons.
You are too small for most types of armour.
You have supernaturally acute eyesight. (SInv)
You cover ground extremely quickly. (Speed+++)


Message History

You block the ball python's attack. The ball python misses you.
The ball python completely misses you. The ball python grabs you.
The ball python constricts you.
You closely miss the ball python.
The ball python is moderately wounded.
The ball python closely misses you. The ball python constricts you.
You block the endoplasm's attack.
You hit the ball python.
You kill the ball python!
You block the endoplasm's attack. The kobold misses you.
You hit the kobold.
The kobold is moderately wounded.
The endoplasm freezes you.
You are frozen.
The kobold completely misses you.
You are too injured to fight recklessly!
You are too injured to fight recklessly!
You are too injured to fight recklessly!
You are too injured to fight recklessly!
You are too injured to fight recklessly!
You are too injured to fight recklessly!
You are too injured to fight recklessly!
You are too injured to fight recklessly!
You are too injured to fight recklessly!
You are too injured to fight recklessly!
You are too injured to fight recklessly!
You are too injured to fight recklessly!
You are too injured to fight recklessly!
You are too injured to fight recklessly!
You are too injured to fight recklessly!
You are too injured to fight recklessly!
You are too injured to fight recklessly!
You are too injured to fight recklessly!
You are too injured to fight recklessly!
You are too injured to fight recklessly!
You are too injured to fight recklessly!
You are too injured to fight recklessly!
Unknown command.
The endoplasm freezes you.
You are frozen.
You die...

#... . #...# . #...#
#.#....
#.#...#################
#.....##T#H#6#M#Q#9#N#n
#....#################
#...J@'...............
#....#################
#..K.##.#e#O#K#x#p#m#V
##...#################
..>... #.###.# ... ...
... ..# .. ..#


You could see an endoplasm and a kobold.

Vanquished Creatures
  A ball python (D:1)
1 creature vanquished.

Notes
Turn   | Place    | Note
-------+----------+-------------------------------------------
     0 | D:1      | zeram the Spriggan Fighter began the quest for the Orb.
     0 | D:1      | Reached XP level 1. HP: 11/11 MP: 2/2
     2 | D:1      | Noticed a dwarf
     2 | D:1      | Noticed a formicid
     4 | D:1      | Noticed a spriggan
     4 | D:1      | Noticed a vine stalker
     6 | D:1      | Noticed a demigod
     8 | D:1      | Noticed a draconian
     8 | D:1      | Noticed a felid
    12 | D:1      | Noticed a ghoul
    12 | D:1      | Noticed a vampire
    14 | D:1      | Noticed a naga
    14 | D:1      | Noticed a merfolk
    16 | D:1      | Noticed a gargoyle
    16 | D:1      | Noticed a human
    18 | D:1      | Noticed a tengu
    18 | D:1      | Noticed an octopode
    22 | D:1      | Noticed a demonspawn
    22 | D:1      | Noticed an ogre
    24 | D:1      | Noticed a minotaur
    24 | D:1      | Noticed an elf
    26 | D:1      | Noticed a troll
    37 | D:1      | Frozen to death by an endoplasm

Illustrated notes

Levels and vault maps discovered:
D:1:      kb_arrival_jail, layout_basic, shapermc_ecumenical_altar_venn,
          minmay_misc_feat_chi

Action                   || total
-------------------------++-------
Melee: Rapier            ||     5
Dodge: Dodged            ||     9
Block: Buckler           ||     3
